 Dungeon Crawl Stone Soup version 0.30-a0-359-gd0147acb1a (webtiles) character file.

Game seed: 9345768187607933488

1190 bande the Shield-Bearer (level 8, 48/48 HPs)
             Began as a Gargoyle Fighter on Nov 13, 2022.
             Was a Believer of Okawaru.
             Quit the game in a sewer.
             The game lasted 00:12:12 (5166 turns).

bande the Shield-Bearer (Gargoyle Fighter)          Turns: 5166, Time: 00:12:12

Health: 48/48      AC: 12    Str: 18    XL:     8   Next: 43%
Magic:  11/11      EV:  5    Int:  9    God:    Okawaru [**....]
Gold:   283        SH: 15    Dex: 11    Spells: 7/7 levels left

rFire   + . .      SeeInvis .    a - +0 war axe
rCold   . . .      Faith    .    t - +1 kite shield
rNeg    + . .      Spirit   .    v - +0 chain mail
rPois   ∞          Reflect  +    (helmet restricted)
rElec   +          Harm     .    (no cloak)
rCorr   .          Rampage  .    B - +0 pair of gloves
Will    .....                    (no boots)
Stlth   ..........               o - amulet of reflection
HPRegen 0.28/turn                s - ring of protection from fire
MPRegen 0.12/turn                (no ring)

@: no status effects
A: sickness immunity, AC +5, negative energy resistance 1, electricity
resistance, torment resistance 1, petrification resistance, horns 1, deformed
body, weak 1, subdued magic 1
a: Renounce Religion, Heroism


You were in a sewer.
You worshipped Okawaru.
Okawaru was pleased with you.
You visited 1 branch of the dungeon, and saw 5 of its levels.
You also visited: Sewer.

You collected 283 gold pieces.

Inventory:

Hand Weapons
 a - a +0 war axe (weapon)
 j - a +0 flail
 m - a +0 war axe
Armour
 t - a +1 kite shield (worn)
 v - a +0 chain mail (worn)
 B - a +0 pair of gloves (worn)
Jewellery
 o - an amulet of reflection (around neck)
 r - a ring of wizardry
 s - a ring of protection from fire (left hand)
 w - a ring of protection from cold
Wands
 x - a wand of flame (22)
 z - a wand of digging (5)
Scrolls
 c - 4 scrolls of identify
 h - 2 scrolls of fear
 l - a scroll of poison
 n - 2 scrolls of teleportation {unknown}
 y - a scroll of immolation {unknown}
 A - 2 scrolls of enchant weapon {unknown}
Potions
 b - a potion of attraction {unknown}
 d - 2 potions of might
 e - a potion of haste {unknown}
 f - 5 potions of cancellation
 g - a potion of heal wounds {unknown}
 i - 6 potions of curing
 k - a potion of lignification {unknown}
 p - 2 potions of invisibility {unknown}
 q - a potion of magic {unknown}
 u - 5 potions of flight


   Skills:
 + Level 4.7 Fighting
 + Level 5.5 Axes
 + Level 5.3 Armour
 + Level 5.8 Shields
 * Level 4.0 Invocations
 * Level 1.0 Evocations


You had 7 spell levels left.
You didn't know any spells.
Your spell library contained the following spells:

 Spells                   Type           Power      Damage    Failure   Level
 Inner Flame              Hex/Fire       0%         N/A       100%        3
 Flame Wave               Conj/Fire      0%         2d4       100%        4
 Sticky Flame             Conj/Fire      0%         2d3       100%        4
 Orb of Destruction       Conj           0%         9d5       100%        7
 Summon Guardian Golem    Hex/Summ       Unusable   N/A       N/A         3
 Spellforged Servitor     Conj/Summ      Unusable   N/A       N/A         7

Dungeon Overview and Level Annotations

Branches:
Dungeon (5/15)              Sewer (1/1)
 Temple: D:4-7

Altars:
Cheibriados
Elyvilon
Okawaru
Sif Muna
Trog
Wu Jian
Yredelemnul


Innate Abilities, Weirdness & Mutations

You are immune to sickness and miasma.
Your stone body is resilient. (AC +5)
You are immune to poison.
You resist negative energy. (rN+)
You are resistant to electric shocks. (rElec)
You are resistant to unholy torment.
You are immune to petrification.
You have a pair of small horns on your head.
Armour fits poorly on your strangely shaped body.
You are weak. (Str -2)
Your spells are a little easier to cast, but a little less powerful.


Message History

You barely miss the bat. You block the bat's attack. x2
The bat hits you but does no damage. x2
You slash the bat!
You kill the bat!
Okawaru accepts your kill.
No target in view!
No target in view!
No target in view!
No target in view!
No target in view!
No target in view!
Done exploring.
Done exploring.
You see here an adder skeleton.
Done exploring.
There is a large open door here.
You see here a potion of mutation.
You see here a +0 pair of gloves.
B - a +0 pair of gloves You start putting on your armour.
You continue putting on your +0 pair of gloves. x4
You finish putting on your +0 pair of gloves.
Done exploring.
You see here a potion of mutation.
C - a potion of mutation
There is a large open door here.
Really quaff the potion of mutation?
You feel extremely strange.
You float gracefully downwards.
Your wings shrivel and weaken.
You feel frail.
You feel agile.
Your body twists and deforms.
You feel weaker.
Your connection to magic feels subdued.
A pair of horns grows on your head!
Okay, then.
You are a level 8 Gargoyle Fighter.
You are 43% of the way to level 9.
Play time: 00:11:50 (5166 turns).
Zot will find you in 5414 turns if you stay in this branch and explore no new floors.
Save game and exit?
Okay, then.
Okay, then.
Unknown command.
Are you sure you want to abandon this character and quit the game? (Confirm with "yes".)

#################################
.~~.~~.~~~.~..~~~~~~~~~..~~~~.~~~
≈≈≈≈≈≈≈≈≈≈≈≈≈≈≈≈≈≈≈≈≈≈≈≈≈≈≈≈≈≈≈≈.
.~.~~.~~.~~~~~~~~~~~~~~~~....~~≈~
####~≈~#######################~≈~
#~≈~# ###### ###### #~≈~ #~≈~#
#..!!# #....# #~≈. #~≈~#
#####''#####'÷#####~≈~ #.≈~#
#∩...@..........~.~~~. #~≈~#
#∩...........÷...~~~~~ #~≈~#
#####''#####'÷#####~≈~ #.≈.#
#....# #....# #~≈. #~≈~# ######
###### #~≈.
#~≈~#######################~≈~
#~≈~.~~~~.~~~~.†.~~~~.~~~~~~≈~
#.≈.≈≈≈≈≈≈≈≈≈≈≈≈≈≈≈≈≈≈≈≈≈≈≈.≈.
#.≈~†~~†~~~~~~~.~~~.~~~~~.~~≈~


There were no monsters in sight!

Vanquished Creatures
  Edmund (D:4)
  2 black bears (D:5)
  2 phantoms (D:4)
  A necrophage (D:4)
  3 scorpions (D:4)
  The ghost of Taurus the Shield-Bearer, a weakling MiFi (D:3)
  A gnoll bouda (D:4)
  An iguana (D:4)
  2 orc wizards
  10 adders
  11 gnolls
  4 river rats (Sewer)
  4 worms
  2 dart slugs
  5 orcs
  17 bats
  6 endoplasms
  7 giant cockroaches
  10 goblins
  4 hobgoblins
  7 jackals
  7 kobolds
  5 quokkas
  16 ball pythons
  4 frilled lizards
  8 rats
141 creatures vanquished.

Notes
Turn   | Place    | Note
-------+----------+-------------------------------------------
     0 | D:1      | bande the Gargoyle Fighter began the quest for the Orb.
     0 | D:1      | Reached XP level 1. HP: 14/14 MP: 1/1
    58 | D:1      | Reached XP level 2. HP: 19/19 MP: 2/2
   145 | D:1      | Reached XP level 3. HP: 23/23 MP: 3/3
   853 | D:1      | Found a faded altar of an unknown god.
  1063 | D:2      | Reached XP level 4. HP: 28/29 MP: 4/4
  1298 | D:2      | Found an iron altar of Okawaru.
  1313 | D:2      | Became a worshipper of Warmaster Okawaru
  1473 | D:2      | Reached XP level 5. HP: 24/33 MP: 5/5
  1802 | D:2      | Reached skill level 1 in Invocations
  1976 | D:3      | Found an ornate altar of the Wu Jian Council.
  2277 | D:3      | Noticed Taurus's ghost (weakling MiFi)
  2281 | D:3      | Found a runed translucent door.
  2619 | D:3      | Reached XP level 6. HP: 38/38 MP: 7/7
  2786 | D:3      | Found a basalt altar of Yredelemnul.
  2786 | D:3      | Found a shimmering blue altar of Sif Muna.
  2786 | D:3      | Found a white marble altar of Elyvilon.
  2786 | D:3      | Found a bloodstained altar of Trog.
  2876 | D:3      | Killed Taurus's ghost
  3081 | D:4      | Gained mutation: Your spells are a little harder to cast,
                  | but a little more powerful. [potion of mutation]
  3082 | D:4      | Lost mutation: Your spells are a little harder to cast, but
                  | a little more powerful. [potion of mutation]
  3082 | D:4      | Gained mutation: You are agile. (Dex +4, Str/Int -1)
                  | [potion of mutation]
  3082 | D:4      | Gained mutation: You occasionally lose the ability to read
                  | scrolls when taking damage. [potion of mutation]
  3082 | D:4      | Gained mutation: You have sharp fingernails. [potion of
                  | mutation]
  3086 | D:4      | Noticed Edmund
  3088 | D:4      | Found a snail-covered altar of Cheibriados.
  3103 | D:4      | Killed Edmund
  3103 | D:4      | Reached * piety under Okawaru
  3189 | D:4      | Reached XP level 7. HP: 43/43 MP: 8/8
  3815 | D:4      | Reached skill level 5 in Shields
  3872 | D:4      | Reached skill level 5 in Armour
  3877 | D:4      | Reached skill level 5 in Axes
  3877 | D:4      | Lost mutation: You have sharp fingernails. [potion of
                  | mutation]
  3877 | D:4      | Lost mutation: You are agile. (Dex +4, Str/Int -1) [potion
                  | of mutation]
  3877 | D:4      | Lost mutation: You occasionally lose the ability to read
                  | scrolls when taking damage. [potion of mutation]
  3877 | D:4      | Gained mutation: Your large and strong wings let you fly.
                  | [potion of mutation]
  3877 | D:4      | Gained mutation: You are robust. (+10% HP) [potion of
                  | mutation]
  3877 | D:4      | Gained mutation: You are clumsy. (Dex -2) [potion of
                  | mutation]
  4050 | D:4      | Reached XP level 8. HP: 52/52 MP: 10/10
  4449 | D:5      | Entered Level 5 of the Dungeon
  4498 | D:5      | Reached ** piety under Okawaru
  4608 | D:5      | Found a glowing drain.
  4616 | Sewer    | Entered a sewer
  4848 | Sewer    | Reached skill level 1 in Evocations
  5165 | Sewer    | Lost mutation: Your large and strong wings let you fly.
                  | [potion of mutation]
  5165 | Sewer    | Lost mutation: You are robust. (+10% HP) [potion of
                  | mutation]
  5165 | Sewer    | Lost mutation: You are clumsy. (Dex -2) [potion of
                  | mutation]
  5165 | Sewer    | Gained mutation: Armour fits poorly on your strangely
                  | shaped body. [potion of mutation]
  5165 | Sewer    | Gained mutation: You are weak. (Str -2) [potion of
                  | mutation]
  5165 | Sewer    | Gained mutation: Your spells are a little easier to cast,
                  | but a little less powerful. [potion of mutation]
  5165 | Sewer    | Gained mutation: You have a pair of small horns on your
                  | head. [potion of mutation]
  5166 | Sewer    | Quit the game

Illustrated notes

Levels and vault maps discovered:
D:1:      eino_arrival_cavern_a, layout_basic,
          shapermc_ecumenical_altar_acropolis, hangedman_decor_points,
          minmay_indecisive_spiral
D:2:      layout_loops_cross, basic_altar
D:3:      layout_rooms, minitemple, serial_glass, glass_columns_a,
          glass_columns_a, hellmonk_ghost_happy_afterlife, dk_vineyard_2,
          kennysheep_generic_room_9
D:4:      layout_layer_cave, mainiacjoe_overflow_small_starburst, uniq_edmund
D:5:      layout_loops_ring, mainiacjoe_overflow_cross_hatched,
          lemuel_doored_altar, lightli_sewer_entry_pipes,
          gammafunk_ghost_gnarly_gnolls
Sewer:    sewer_fruit_machine

Skill      XL: |  1  2  3  4  5  6  7  8 |
---------------+-------------------------+-----
Axes           | 2 3 4 5 |  5.5
Shields        | 4 5 |  5.8
Fighting       | 4 |  4.7
Armour         | 4 5 |  5.3
Invocations    | 1 2 3 4 |  4.0
Evocations     | 1 |  1.0

Action                   |  1- 3 |  4- 6 |  7- 9 || total
-------------------------+-------+-------+-------++-------
Melee: War axe           |   104 |   163 |   202 ||   469
  Use: Scroll            |       |    10 |     2 ||    12
       Potion            |       |     2 |     2 ||     4
Armor: Scale mail        |    62 |    74 |     9 ||   145
       Chain mail        |       |       |   121 ||   121
Dodge: Dodged            |    48 |    60 |    40 ||   148
Block: Buckler           |    22 |    32 |       ||    54
       Kite shield       |       |    66 |   215 ||   281

Table legend: (Time is in decaauts)
 A = Elapsed time spent in this place.
 B = Non-inter-level travel time spent in this place.
 C = Inter-level travel time spent in this place.
 D = Time resting spent in this place.
 E = Time spent auto-exploring this place.
 F = Levels seen in this place.
 G = Mean time per level.
                   A        B        C        D        E       F      G
               +--------+--------+--------+--------+--------+-----+--------+
         Total |   5362 |   5303 |     59 |    555 |   3316 |   6 |  893.7 |
       Dungeon |   4776 |   4717 |     59 |    555 |   2967 |   5 |  955.2 |
         Sewer |    585 |    585 |      0 |      0 |    349 |   1 |  585.0 |
               +--------+--------+--------+--------+--------+-----+--------+

Top non-repeatable levels by time:
     D:4: 1407 daAuts
     D:3: 1158 daAuts
     D:2: 1045 daAuts
     D:1: 981 daAuts
   Sewer: 585 daAuts
     D:5: 182 daAuts
